 Dungeon Crawl Stone Soup version 0.14-a0-2618-g5301534 (webtiles) character file.

2569 Kae the Martial Artist (level 9, -3/64 HPs)
             Began as a Grey Draconian Transmuter on Feb 14, 2014.
             Was an Initiate of Sif Muna.
             Killed from afar by an orc wizard (7 damage)
             ... with a magic dart
             ... on Level 7 of the Dungeon.
             The game lasted 00:09:55 (7017 turns).

Kae the Martial Artist (Grey Draconian Transmuter)  Turns: 7017, Time: 00:09:55

HP  -3/64        AC  2     Str 13      XL: 9   Next:  6%
MP   8/14        EV 19     Int 14      God: Sif Muna [......]
Gold 484         SH  0     Dex 19      Spells:  4 memorised,  1 level left

rFire  . . .     SeeInvis .       - Unarmed
rCold  . . .     Clarity  .     (armour unavailable)
rNeg   . . .     Conserve .     (shield currently unavailable)
rPois  x         rCorr    .     (helmet currently unavailable)
rElec  .         rRot     .     G - melded +0 cloak
SustAb . .       Spirit   .     (gloves currently unavailable)
rMut   .         Warding  .     u - melded +1 pair of elf boots
Saprov . . .     Stasis   .     (no amulet)
MR     .....                    (no ring)
                                j - ring of sustenance

@: spider-form, very slightly contaminated, slowed, slow, not resistant to
hostile enchantments, unstealthy
A: walk through water, unfitting armour, (unbreathing), AC +12
a: End Transformation, Renounce Religion


You were on level 7 of the Dungeon.
You worshipped Sif Muna.
Sif Muna was noncommittal.
You were hungry.
You were in spider-form.
You visited 2 branches of the dungeon, and saw 8 of its levels.
You also visited: Sewer.

You collected 484 gold pieces.

Inventory:

Missiles
 b - 89 arrows
 i - 14 arrows of frost
Armour
 u - a +1 pair of elven boots (melded)
 G - a +0 cloak (melded)
Magical devices
 E - a wand of frost (11) {unknown}
 F - a wand of confusion (10)
Comestibles
 a - 8 bread rations
 g - a snozzcumber
 o - a choko
 w - 2 apples
 A - 2 meat rations
Scrolls
 e - 3 scrolls of teleportation
 f - 11 scrolls of remove curse
 k - 2 scrolls of fear
 l - 2 scrolls of curse weapon {unknown}
 m - a scroll of curse armour {unknown}
 s - a scroll of recharging {unknown}
 t - 3 scrolls of identify
 y - a scroll of enchant weapon I
 D - a scroll of curse jewellery {unknown}
 H - a scroll of enchant weapon II {unknown}
Jewellery
 h - an uncursed amulet of stasis
 j - a ring of sustenance (left front leg)
 I - an uncursed ring of invisibility {unknown}
Potions
 c - 2 potions of brilliance {unknown}
 n - a potion of poison {unknown}
 p - 3 potions of heal wounds
 q - 3 potions of might {unknown}
 r - a potion of restore abilities
 v - a potion of mutation {unknown}
 x - 9 potions of curing {unknown}
 z - a potion of beneficial mutation {unknown}
 B - a potion of lignification {unknown}
 C - a potion of blood
Books
 d - a book of Changes

   Spells                             Type                      Level
   *Beastly Appendage                 Transmutation                1
   *Sticks to Snakes                  Transmutation                2
   *Spider Form                       Transmutation/Poison         3
   Ice Form                           Ice/Transmutation            4
   *Blade Hands                       Transmutation                5


   Skills:
 - Level 1.1 Fighting
 - Level 1.7 Dodging
 * Level 10.3 Unarmed Combat
 - Level 2.0 Spellcasting
 + Level 6.9 Transmutations


You had one spell level left.
You knew the following spells:

 Your Spells              Type           Power        Failure   Level  Hunger
a - Beastly Appendage     Trmt           ###...       6%          1    ##.....
b - Sticks to Snakes      Trmt           ###.......   10%         2    ###....
c - Spider Form           Trmt/Pois      ##........   41%         3    ####...
d - Blade Hands           Trmt           ###.......   67%         5    ######.


Dungeon Overview and Level Annotations

Branches:
Dungeon (7/16)             Temple (1/1) D:5

Altars:
Ashenzari
Cheibriados
Dithmenos
Elyvilon
Fedhas
Makhleb
Nemelex Xobeh
Okawaru
Sif Muna
Trog
Vehumet
Xom
Zin
The Shining One

Shops:
D:5 (


Innate Abilities, Weirdness & Mutations

You can walk through water.
((Your dull iron-grey scales are very hard (AC +12).))*
Your body does not fit into most forms of armour.
Your cold-blooded metabolism reacts poorly to cold.
((You can survive without breathing.))*


Message History

You fail to extend your transformation any further.
Unknown command.
You barely miss the orc priest.
You feel yourself speed up. Something closely misses you.
The orc priest calls down the wrath of Beogh upon you.
Something smites you!
* * * LOW HITPOINT WARNING * * *
The ice beast hits you.
* * * LOW HITPOINT WARNING * * *
The ice beast freezes you!
One of your 3 slimy orange potions freezes and shatters!
* * * LOW HITPOINT WARNING * * *
You feel yourself slow down.
One of your 10 inky potions freezes and shatters!
The orc cheers loudly, as Orcs often do.
The orc closely misses you.
You hear some strange, mumbled words.
The magic dart hits you!
You die...

..#######.# ### ..# ### #.#
#..... ..#######.## #......
..+.._..'..######.......
..###.###......##........
..# #.# #.#######........
..###'###.#######........
................oo).......
.#####..........s.....# .#
####........I....## .######
#................
......###.................
.####.#.....######........
.####.#.##..######........
..........^................
.####.#.##.....#.#..........
.# #....#..##.#.#...........
.


You could see an ice beast, an orc priest and an orc.

Vanquished Creatures
  Grinder (D:6)
  An ice beast (D:6)
  An orc warrior (D:7)
  An ogre (D:5)
  3 centaurs
  A phantom (D:4)
  3 big kobolds (Sewer)
  5 wights
  A goliath beetle (D:6)
  3 crimson imps
  A hound (D:4)
  A centaur zombie (D:5)
  2 iguanas
  5 worker ants
  An orc wizard (D:4)
  3 green rats (Sewer)
  4 gnolls
  16 adders
  2 inept item mimics
  6 giant mites
  7 worms
  20 grey rats (Sewer)
  8 giant geckos
  8 orcs
  10 bats
  5 giant cockroaches
  7 goblins
  9 hobgoblins
  20 kobolds
  3 quokkas
  7 ball pythons
  A giant gecko zombie (D:5)
  6 giant newts
  8 jackals
  A kobold skeleton (D:5)
  12 rats
193 creatures vanquished.

Notes
Turn   | Place    | Note
--------------------------------------------------------------
     0 | D:1      | Kae, the Draconian Transmuter, began the quest for the Orb.
     0 | D:1      | Reached XP level 1. HP: 16/16 MP: 3/3
   183 | D:1      | Reached XP level 2. HP: 23/23 MP: 4/4
   772 | D:2      | Reached XP level 3. HP: 26/28 MP: 6/6
   880 | D:2      | Reached skill level 4 in Unarmed Combat
  1032 | D:2      | Reached XP level 4. HP: 22/35 MP: 7/7
  1652 | D:3      | Learned a level 2 spell: Sticks to Snakes
  1656 | D:3      | Learned a level 3 spell: Spider Form
  1981 | D:3      | Reached skill level 5 in Unarmed Combat
  2019 | D:3      | Reached XP level 5. HP: 28/40 MP: 9/9
  2238 | D:3      | Found a glowing golden altar of the Shining One.
  2529 | D:4      | Found a glowing drain.
  2578 | D:4      | Reached XP level 6. HP: 18/47 MP: 10/10
  2736 | Sewer    | Entered a sewer
  2838 | Sewer    | Reached skill level 6 in Unarmed Combat
  3519 | Sewer    | Your scales start taking on a dull iron-grey colour.
  3519 | Sewer    | Gained mutation: You can survive without breathing. [draconian maturity]
  3519 | Sewer    | Reached XP level 7. HP: 40/52 MP: 12/12
  3528 | Sewer    | Reached skill level 7 in Unarmed Combat
  4327 | D:4      | Reached skill level 8 in Unarmed Combat
  4327 | D:4      | Reached skill level 5 in Transmutations
  4757 | D:4      | Noticed a phantom
  4777 | D:4      | Killed a phantom
  4799 | D:5      | Entered Level 5 of the Dungeon
  4848 | D:5      | Reached XP level 8. HP: 55/59 MP: 13/13
  4895 | D:5      | Learned a level 5 spell: Blade Hands
  5001 | D:5      | Found Hegu Diuboq's Antique Weapon Boutique.
  5323 | D:5      | Reached skill level 9 in Unarmed Combat
  5560 | D:5      | Found a staircase to the Ecumenical Temple.
  5684 | Temple   | Entered the Ecumenical Temple
  5720 | Temple   | Became a worshipper of Sif Muna the Loreminder
  6085 | D:6      | Noticed Grinder
  6100 | D:6      | Paralysed by Grinder for 7 turns
  6106 | D:6      | HP: 2/59 [Grinder (1)]
  6120 | D:6      | Killed Grinder
  6120 | D:6      | Reached skill level 10 in Unarmed Combat
  6831 | D:6      | Reached XP level 9. HP: 61/64 MP: 14/14
  6924 | D:7      | Found a shimmering altar of Xom.
  7017 | D:7      | Killed from afar by an orc wizard

Action                   |  1- 3 |  4- 6 |  7- 9 || total
-------------------------+-------+-------+-------++-------
Melee: Unarmed           |   116 |   360 |   405 ||   881
 Cast: Beastly Appendage |       |     3 |     7 ||    10
       Spider Form       |       |     1 |     4 ||     5
  Use: Scroll            |       |    11 |     1 ||    12
       Potion            |       |       |     3 ||     3
 Stab: Sleeping          |       |     4 |     2 ||     6
       Distracted        |       |       |     1 ||     1
